cohdb
Replays
Latest Replays
All Replays
Popular Replays
Top Player Replays
Match Explorer
How It Works
Community
CoH3 Stats
Reddit
Sign in to upload your games and track your stats! →
Sign in with Steam
Match 46799186
Unlisted
Match 46799186
Overview
Messages
Build Orders
End
Construct Section Command Post
Selects Canadian Shock Battlegroup
Infantry Section
Vickers Machine Gun Team
Infantry Section
Selects Attacking Spirit
Selects Canadian Shock Section
Canadian Shock Section
Construct Platoon Command Post
Selects Incendiary Munitions
Humber Armored Car
6-pounder Anti-tank Gun Team
6-pounder Anti-tank Gun Team
Selects Pyrotechnics
Bobr
Zuluuuuuuuuuu!
UMirinBrah?
Lardt
0
0
Comments
sign in to comment!
No comments posted yet!